 Dungeon Crawl Stone Soup version 0.28-a0-1524-ge72afd5fc6 (webtiles) character file.

Game seed: 1505769704479951707

2983 hashsling the Covert (level 10, -2/59 HPs)
             Began as a Kobold Brigand on Jan 17, 2022.
             Was a Priest of Dithmenos.
             Slain by an acid dragon (13 damage)
             ... on level 6 of the Dungeon.
             The game lasted 00:44:16 (7090 turns).

hashsling the Covert (Kobold Brigand)               Turns: 7090, Time: 00:44:17

Health: -2/59      AC:  0    Str:  8    XL:     10   Next: 9%
Magic:  10/10      EV: 22    Int: 13    God:    Dithmenos [***...]
Gold:   198        SH:  0    Dex: 27    Spells: 9/9 levels left

rFire   . . .      SeeInvis .   a - +2 dagger
rCold   . . .      Faith    .   (no shield)
rNeg    . . .      Spirit   .   w - +0 troll leather armour {Pargi}
rPois   .          Reflect  .   (no helmet)
rElec   .          Harm     .   c - +0 cloak
rCorr   .          Rampage  .   (no gloves)
Will    .....                   p - +2 pair of boots
Stlth   ++++++++..              (no amulet)
HPRegen 0.99/turn               e - +6 ring of dexterity
MPRegen 0.12/turn               (no ring)

@: corroded, wreathed by umbra
A: small, no large weapons, nightstalker 3
a: Renounce Religion, Shadow Step


You were on level 6 of the Dungeon.
You worshipped Dithmenos.
Dithmenos was most pleased with you.
You visited 1 branch of the dungeon, and saw 6 of its levels.
You also visited: Sewer.

You collected 198 gold pieces.

Inventory:

Hand Weapons
 a - a +2 dagger (weapon)
 m - a +0 dagger of speed
 n - a +0 dagger of venom
Missiles
 d - 8 poisoned darts
 t - 9 boomerangs (quivered)
Armour
 b - a +0 robe
 c - a +0 cloak (worn)
 p - a +2 pair of boots (worn)
 w - a +0 troll leather armour (worn) {Pargi}
Magical Staves
 r - a staff of cold
Jewellery
 e - a +6 ring of dexterity (left hand)
 l - a ring of protection from cold
 o - a ring of magical power
Wands
 C - a wand of mindburst (6)
 F - a wand of flame (12)
Scrolls
 f - 2 scrolls of magic mapping
 h - a scroll of acquirement
 i - a scroll of silence
 j - a scroll of fear {unknown}
 k - a scroll of fog
 q - a scroll of teleportation {unknown}
 s - a scroll of blinking {unknown}
 u - 2 scrolls of vulnerability {unknown}
 v - a scroll of summoning {unknown}
 x - a scroll of holy word {unknown}
 y - 2 scrolls of enchant armour {unknown}
 E - a scroll of noise {unknown}
Potions
 g - a potion of haste
 z - 3 potions of resistance {unknown}
 A - a potion of heal wounds {unknown}
 B - a potion of cancellation
 D - 2 potions of magic {unknown}


   Skills:
 - Level 5.0 Fighting
 * Level 9.8 Short Blades
 - Level 5.0 Throwing
 * Level 8.7 Dodging
 * Level 10.3 Stealth


You had 9 spell levels left.
You didn't know any spells.
Your spell library contained the following spells:

 Spells                   Type           Power      Damage    Failure   Level
 Gell's Gravitas          Tloc           0%         N/A       80%         3
 Lesser Beckoning         Tloc           0%         N/A       80%         3
 Teleport Other           Tloc           0%         N/A       80%         3


Dungeon Overview and Level Annotations

Branches:
Dungeon (6/15)             Temple (0/1) D:6           Sewer (visited)

Altars:
Dithmenos
Fedhas
Hepliaklqana

Shops:
D:2 (


Innate Abilities, Weirdness & Mutations

You are small and have problems with some larger weapons.
You are completely attuned to the shadows.


Message History

The acid dragon is almost dead.
You hit the acid dragon but do no damage.
The acid dragon is almost dead.
The acid dragon barely misses you. The acid dragon completely misses you.
You hit the acid dragon but do no damage.
The acid dragon is almost dead.
You hit the acid dragon but do no damage.
The acid dragon is almost dead.
The acid dragon completely misses you. x2
You hit the acid dragon but do no damage.
The acid dragon is almost dead.
You hit the acid dragon but do no damage.
The acid dragon is almost dead.
The acid dragon bites you! The acid dragon barely misses you.
You hit the acid dragon but do no damage.
The acid dragon is almost dead.
You hit the acid dragon but do no damage.
The acid dragon is almost dead.
The acid dragon barely misses you. x2
You hit the acid dragon but do no damage.
The acid dragon is almost dead.
You hit the acid dragon but do no damage.
The acid dragon is almost dead.
The acid dragon spits acid at you. The splash of acid hits you!!
* * * LOW HITPOINT WARNING * * *
The acid corrodes you!
Aiming: Mindburst
Press: ? - help, Shift-Dir - straight line, f - acid dragon
Aim: an acid dragon (almost dead, catching its breath, umbra, chance to affect: 64%)
The acid dragon struggles to resist.
The acid dragon completely misses you. The acid dragon closely misses you.
Unknown command.
Aiming: Throw Flame
Press: ? - help, Shift-Dir - straight line, f/p - acid dragon
Aim: an acid dragon (almost dead, catching its breath, umbra, 68% to hit)
The puff of flame hits the acid dragon.
The acid dragon is almost dead.
The acid dragon bites you!
You die...

# #.####
##########.#... #
#....#
#............#. #
####.#
#.#.#######..#. #
#######.########.#.#
#...# #
#...))...........#.#
#.... #
#.#####.######...#.#
#.... # #.# #.#
##......# #.... #
#.# #.####.#D..#.##
##... ####.#
#......@..###.# #.##
.....#
#####.#####.## #...
###### ##.###.##
#### ##.#.## ##.##
###


You could see an acid dragon (catching breath).

Vanquished Creatures
  A two-headed ogre (D:6)
  Prince Ribbit (D:5)
  3 yaks
  An orc warrior (D:6)
  Pargi (Sewer)
  2 ogres
  A necrophage (D:6)
  A centaur (D:6)
  A phantom (D:5)
  4 scorpions
  A wyvern skeleton (D:6)
  A water moccasin zombie (D:5)
  2 water moccasin skeletons
  2 hounds
  A bullfrog skeleton (D:5)
  A bullfrog zombie (D:6)
  5 orc priests (D:6)
  A jelly (D:6)
  A centaur skeleton (D:4)
  An iguana (D:4)
  Natasha (D:3)
  5 orc wizards
  10 adders
  4 river rats (D:6)
  2 worms
  2 adder skeletons (D:4)
  A dart slug (D:1)
  22 orcs
  8 endoplasms
  2 giant cockroaches (D:1)
  5 hobgoblins
  11 jackals
  2 quokkas
  8 ball pythons
  2 bats
  9 frilled lizards
  11 goblins
  10 kobolds
  6 rats
153 creatures vanquished.

Vanquished Creatures (others)
  3 plants (D:6)
3 creatures vanquished.

Grand Total: 156 creatures vanquished

Notes
Turn   | Place    | Note
-------+----------+-------------------------------------------
     0 | D:1      | hashsling the Kobold Brigand began the quest for the Orb.
     0 | D:1      | Reached XP level 1. HP: 12/12 MP: 1/1
   111 | D:1      | Found a faded altar of an unknown god.
   281 | D:1      | Reached XP level 2. HP: 8/17 MP: 2/2
   744 | D:1      | Reached XP level 3. HP: 22/22 MP: 3/3
  1087 | D:2      | Found a shadowy altar of Dithmenos.
  1092 | D:2      | Became a worshipper of Dithmenos the Shadowed
  1132 | D:2      | Found Lihast Nodai's Antique Weapon Shop.
  1355 | D:2      | Reached XP level 4. HP: 16/27 MP: 4/4
  1829 | D:2      | Reached * piety under Dithmenos
  2257 | D:3      | Noticed Natasha
  2261 | D:3      | Killed Natasha
  2262 | D:3      | Reached XP level 5. HP: 32/32 MP: 5/5
  2598 | D:3      | Noticed an ogre
  2622 | D:3      | Killed an ogre
  2623 | D:3      | Reached skill level 6 in Stealth
  2623 | D:3      | Reached XP level 6. HP: 37/37 MP: 6/6
  2684 | D:3      | Found a hazy altar of Hepliaklqana.
  3252 | D:4      | Reached skill level 5 in Short Blades
  3586 | D:4      | Reached XP level 7. HP: 41/41 MP: 7/7
  3792 | D:4      | Reached skill level 5 in Dodging
  4289 | D:4      | Reached ** piety under Dithmenos
  4560 | D:5      | Entered Level 5 of the Dungeon
  4565 | D:5      | Identified a scroll of acquirement
  4806 | D:5      | Reached XP level 8. HP: 48/48 MP: 8/8
  4809 | D:5      | Found a blossoming altar of Fedhas.
  4863 | D:5      | Reached skill level 7 in Stealth
  4961 | D:5      | Noticed Prince Ribbit
  4976 | D:5      | Killed Prince Ribbit
  5617 | D:6      | Found a glowing drain.
  5639 | Sewer    | Entered a sewer
  5677 | Sewer    | Noticed Pargi
  5681 | Sewer    | Killed Pargi
  6148 | D:6      | Reached skill level 8 in Stealth
  6148 | D:6      | Reached XP level 9. HP: 53/53 MP: 9/9
  6178 | D:6      | Found a staircase to the Ecumenical Temple.
  6336 | D:6      | Reached skill level 5 in Fighting
  6469 | D:6      | HP: 1/54 [orc priest/divine providence (10)]
  6520 | D:6      | Noticed a two-headed ogre
  6526 | D:6      | Killed a two-headed ogre
  6527 | D:6      | Reached skill level 5 in Throwing
  6527 | D:6      | Reached skill level 9 in Stealth
  6796 | D:5      | Reached skill level 10 in Stealth
  6796 | D:5      | Reached XP level 10. HP: 58/59 MP: 10/10
  6849 | D:6      | Reached *** piety under Dithmenos
  7090 | D:6      | Slain by an acid dragon

Illustrated notes

Levels and vault maps discovered:
D:1:      dpeg_arrival_pond, layout_loops_ring, ebering_ecumenical_altar_webs
D:2:      kennysheep_big_flooded_room, layout_loops_cross, basic_altar,
          serial_shops, nicolae_shop_temple_entry_statues_fountains,
          minmay_distorted
D:3:      layout_basic, marbit_many_paths, minmay_misc_feat_columns,
          uniq_natasha
D:4:      layout_basic, minivault_14, minmay_stone_trees_large
D:5:      layout_basic, mainiacjoe_overflow_paths, serial_corexii_hall,
          chequers_hall_statues_corner_a, chequers_hall_statues_corner_a,
          uniq_prince_ribbit1
D:6:      layout_loops_ring, minmay_temple_entry_gardened_gates,
          portal_sewer_entry_a, minmay_misc_feat_chi

Skill      XL: |  1  2  3  4  5  6  7  8  9 |
---------------+----------------------------+-----
Short Blades   | 3 4 5 6 7 9 |  9.8
Dodging        | 2 3 4 5 6 8 |  8.7
Fighting       | 3 4 5 |  5.0
Throwing       | 3 4 5 |  5.0
Stealth        | 6 8 10 | 10.3

Action                   |  1- 3 |  4- 6 |  7- 9 | 10-12 || total
-------------------------+-------+-------+-------+-------++-------
Melee: Dagger            |    91 |    95 |   438 |    43 ||   667
       Punch             |       |       |     9 |     2 ||    11
Throw: Dart              |    22 |    40 |    81 |       ||   143
       Boomerang         |       |       |    13 |       ||    13
Evoke: Wand              |       |       |     3 |     2 ||     5
  Use: Scroll            |       |     3 |     7 |       ||    10
       Potion            |       |     2 |     2 |       ||     4
 Stab: Sleeping          |    16 |    19 |    22 |       ||    57
       Distracted        |       |       |       |     2 ||     2
Armor: Robe              |    15 |    10 |    19 |       ||    44
       Troll leather arm |       |       |    23 |     2 ||    25
Dodge: Dodged            |    51 |    54 |   253 |    34 ||   392

Table legend: (Time is in decaauts)
 A = Elapsed time spent in this place.
 B = Non-inter-level travel time spent in this place.
 C = Inter-level travel time spent in this place.
 D = Time resting spent in this place.
 E = Time spent auto-exploring this place.
 F = Levels seen in this place.
 G = Mean time per level.
                   A        B        C        D        E       F      G
               +--------+--------+--------+--------+--------+-----+--------+
         Total |   6838 |   6748 |     90 |    576 |   3910 |   7 |  976.9 |
       Dungeon |   6565 |   6475 |     90 |    576 |   3890 |   6 | 1094.2 |
         Sewer |    272 |    272 |      0 |      0 |     20 |   1 |  272.0 |
               +--------+--------+--------+--------+--------+-----+--------+

Top non-repeatable levels by time:
     D:4: 1405 daAuts
     D:5: 1086 daAuts
     D:1: 1061 daAuts
     D:6: 1021 daAuts
     D:3: 1004 daAuts
     D:2: 985 daAuts
   Sewer: 272 daAuts
